 Dungeon Crawl Stone Soup version 0.30-a0-365-ge7f957f1db (webtiles) character file.

Game seed: 16305712679840412637

333 mopl the Magician (level 6, -5/54 HPs)
             Began as an Octopode Hedge Wizard on Nov 16, 2022.
             Slain by a gnoll
             ... wielding a +0 flail
              (6 damage)
             ... on level 3 of the Dungeon.
             The game lasted 00:05:22 (1549 turns).

mopl the Magician (Octopode Hedge Wizard)           Turns: 1549, Time: 00:05:25

Health: -5/54      AC: 23    Str:  9    XL:     6   Next: 53%
Magic:  0/13       EV:  2    Int: 19    God:
Gold:   156        SH:  0    Dex: 11    Spells: 6/14 levels left

rFire   . . .      SeeInvis .    a - +2 dagger (protect)
rCold   . . .      Faith    .    (no shield)
rNeg    . . .      Spirit   .    (helmet currently unavailable)
rPois   +          Reflect  .    (no amulet)
rElec   .          Harm     .    (no ring)
rCorr   .          Rampage  .    (no ring)
Will    .....      NoTele   +    (no ring)
Stlth   ++........               (no ring)
HPRegen 0.29/turn                (no ring)
MPRegen 0.13/turn                (no ring)
                                 (no ring)
                                 (no ring)

@: tree-form, very slightly contaminated
A: stationary, stasis, torment immunity, boosted hp, almost no armour,
(amphibious), 8 rings, (camouflage 1), (gelatinous body 1), (nimble swimmer 1),
(tentacles)
a: no special abilities


You were on level 3 of the Dungeon.
You were a tree.
You visited 1 branch of the dungeon, and saw 3 of its levels.

You collected 156 gold pieces.

Inventory:

Hand Weapons
 a - a +2 dagger of protection (weapon)
 h - a +1 flail of draining
Missiles
 n - 3 atropa-tipped darts
 o - 10 poisoned darts
Armour
 b - a +0 hat (melded)
Scrolls
 d - a scroll of teleportation {unknown}
 e - 2 scrolls of identify
 f - a scroll of immolation {unknown}
 i - a scroll of enchant weapon {unknown}
 l - a scroll of enchant armour {unknown}
 m - a scroll of poison {unknown}
Potions
 c - a potion of magic
 k - a potion of haste {unknown}
 p - a potion of brilliance {unknown}


   Skills:
 - Level 2.0 Dodging
 - Level 2.6 Stealth
 * Level 4.7 Spellcasting
 * Level 4.1 Conjurations
 - Level 1.0 Summonings
 + Level 2.8 Translocations


You had 6 spell levels left.
You knew the following spells:

 Your Spells              Type           Power      Damage    Failure   Level
a - Magic Dart            Conj           80%        1d7       2%          1
b - Searing Ray           Conj           40%        2d5       3%          2
c - Mephitic Cloud        Conj/Pois/Air  9%         N/A       22%         3
e - Blink                 Tloc           30%        N/A       6%          2

Your spell library contained the following spells:

 Spells                   Type           Power      Damage    Failure   Level
 Freeze                   Ice            16%        1d4       13%         1
 Slow                     Hex            16%        N/A       13%         1
 Call Imp                 Summ           8%         N/A       13%         2
 Hailstorm                Conj/Ice       12%        3d5       17%         3
 Cigotuvi's Dreadful Rot  Necr/Pois/Air  8%         N/A       19%         2
 Frozen Ramparts          Ice            8%         1d2       36%         3
 Fulminant Prism          Conj/Hex       6%         3d7       50%         4
 Conjure Ball Lightning   Conj/Air       6%         3x3d6     100%        6
 Discord                  Hex            2%         N/A       100%        8
 Disjunction              Tloc           7%         N/A       100%        8


Dungeon Overview and Level Annotations

Branches:
Dungeon (3/15)

Altars:


Innate Abilities, Weirdness & Mutations

You are a tree.
Your roots penetrate the ground, keeping you stationary.
You cannot be teleported.
You are immune to unholy pain and torment.
Your maximum health is greatly increased.
You cannot wear most types of armour.
((You are amphibious.))
You can wear up to eight rings at the same time.
((Your skin changes colour to match your surroundings (Stealth+).))
((Your rubbery body absorbs attacks. (AC +1, EV +1)))
((You are camouflaged when in or above water. (Stealth+)))
((You have tentacles for arms and can constrict up to eight enemies at once.))


Message History

Aiming: Mephitic Cloud (quite dangerous; 22% risk of failure)
Press: ? - help, Shift-Dir - straight line, f - gnoll
Aim: a gnoll, wielding a +0 spear (asleep, chance to affect: 91%)
You miscast Mephitic Cloud.
You are very lightly contaminated with residual magic.
You feel odd.
You are poisoned.
You feel sick. The gnoll barely misses you.
Casting: Mephitic Cloud (quite dangerous; 22% risk of failure)
Confirm with . or Enter, or press ? or * to list all spells.
The spell is quite dangerous to miscast (22% risk of failure)!
Continue anyway?
Aiming: Mephitic Cloud (quite dangerous; 22% risk of failure)
Press: ? - help, Shift-Dir - straight line, f/p - gnoll
Aim: a gnoll, wielding a +0 spear (asleep, chance to affect: 91%)
You miscast Mephitic Cloud.
Nothing appears to happen.
You feel sick.
The gnoll shouts!
The gnoll hits you with a +0 flail.
* * * LOW HITPOINT WARNING * * *
The gnoll hits you from afar with a +0 spear.
* * * LOW HITPOINT WARNING * * *
Casting: Mephitic Cloud (quite dangerous; 22% risk of failure)
Confirm with . or Enter, or press ? or * to list all spells.
The spell is quite dangerous to miscast (22% risk of failure)!
Continue anyway?
Aiming: Mephitic Cloud (quite dangerous; 22% risk of failure)
Press: ? - help, Shift-Dir - straight line, f/p - gnoll
Aim: a gnoll, wielding a +0 spear (chance to affect: 91%)
You miscast Mephitic Cloud.
Nothing appears to happen.
The gnoll shouts!
You feel sick. The gnoll barely misses you. The gnoll closely misses you.
Unknown command.
The gnoll attacks as you move away! The gnoll hits you with a +0 whip!
* * * LOW HITPOINT WARNING * * *
x2 You feel sick.
The gnoll misses you.
It was a potion of lignification.
You turn into a tree.
Your +0 hat melds into your body.
Your roots penetrate the ground.
* * * LOW HITPOINT WARNING * * *
You feel sick.
You are no longer poisoned.
The gnoll hits you with a +0 flail.
You die...

# ### #
##.#.# ###
#♣g..# .†+
+...g...#
###
####..g..#
# ##.##.#
### .# #


You could see 3 gnolls.

Vanquished Creatures
  Grinder (D:3)
  An iguana (D:3)
  3 adders (D:2)
  A gnoll (D:1)
  2 worms (D:2)
  2 dart slugs
  5 orcs (D:3)
  3 ball pythons
  3 endoplasms (D:1)
  3 giant cockroaches
  5 hobgoblins (D:1)
  8 jackals
  A quokka (D:2)
  5 bats
  A frilled lizard (D:3)
  3 goblins
  4 kobolds
  3 rats
54 creatures vanquished.

Notes
Turn   | Place    | Note
-------+----------+-------------------------------------------
     0 | D:1      | mopl the Octopode Hedge Wizard began the quest for the Orb.
     0 | D:1      | Reached XP level 1. HP: 11/11 MP: 4/4
    96 | D:1      | Reached XP level 2. HP: 17/17 MP: 3/6
    99 | D:1      | Learned a level 2 spell: Blink
   244 | D:1      | Reached XP level 3. HP: 21/21 MP: 7/7
   303 | D:1      | Reached skill level 2 in Conjurations
   366 | D:1      | Learned a level 3 spell: Mephitic Cloud
   820 | D:2      | Reached XP level 4. HP: 23/27 MP: 9/9
   928 | D:2      | Learned a level 2 spell: Searing Ray
  1278 | D:2      | Reached skill level 2 in Translocations
  1449 | D:3      | Noticed Grinder
  1466 | D:3      | Killed Grinder
  1467 | D:3      | Reached skill level 4 in Spellcasting
  1467 | D:3      | Reached skill level 4 in Conjurations
  1467 | D:3      | Reached XP level 5. HP: 28/31 MP: 7/11
  1467 | D:3      | Reached XP level 6. HP: 33/36 MP: 7/12
  1548 | D:3      | HP: 1/36 [poisoned by miscasting Mephitic Cloud]
  1549 | D:3      | Slain by a gnoll

Illustrated notes

Levels and vault maps discovered:
D:1:      psy_arrival_conway, layout_rooms, nicolae_titane
D:2:      layout_loops_ring
D:3:      layout_loops_corners, portal_sewer_entry_b, grunt_decor_mini_mirrors,
          corexii_item_surrounded_by_moat, uniq_ijyb, uniq_grinder

Skill      XL: |  1  2  3  4 |
---------------+-------------+-----
Conjurations   | 2 4 |  4.1
Translocations | 2 |  2.8
Spellcasting   | 4 |  4.7
Dodging        | |  2.0
Stealth        | |  2.6
Summonings     | |  1.0

Action                   |  1- 3 |  4- 6 || total
-------------------------+-------+-------++-------
Melee: Dagger            |    85 |    61 ||   146
       Constrict         |    17 |    17 ||    34
       Tentacles         |    17 |     9 ||    26
       Punch             |     3 |       ||     3
 Cast: Magic Dart        |    16 |       ||    16
       Blink             |     1 |     1 ||     2
       Searing Ray       |       |     2 ||     2
  Use: Potion            |       |     3 ||     3
       Scroll            |       |     1 ||     1
 Stab: Sleeping          |     3 |     6 ||     9
Armor: Skin              |     6 |     6 ||    12
Dodge: Dodged            |    55 |    53 ||   108

Table legend: (Time is in decaauts)
 A = Elapsed time spent in this place.
 B = Non-inter-level travel time spent in this place.
 C = Inter-level travel time spent in this place.
 D = Time resting spent in this place.
 E = Time spent auto-exploring this place.
 F = Levels seen in this place.
 G = Mean time per level.
                   A        B        C        D        E       F      G
               +--------+--------+--------+--------+--------+-----+--------+
         Total |   1548 |   1529 |     19 |    133 |    883 |   3 |  516.0 |
       Dungeon |   1548 |   1529 |     19 |    133 |    883 |   3 |  516.0 |
               +--------+--------+--------+--------+--------+-----+--------+

Top non-repeatable levels by time:
     D:2: 679 daAuts
     D:1: 674 daAuts
     D:3: 194 daAuts
